 Dungeon Crawl Stone Soup version 0.30-a0-793-g160f7cfddd (webtiles) character file.

Game seed: 12501131483239243357

93 Aneyh the Cudgeller (level 4, 0/30 HPs)
             Began as a Tengu Monk on Feb 19, 2023.
             Slain by a gnoll
             ... wielding a +0 spear
              (3 damage)
             ... on level 3 of the Dungeon.
             The game lasted 00:02:57 (1889 turns).

Aneyh the Cudgeller (Tengu Monk)                    Turns: 1889, Time: 00:02:58

Health: 0/30       AC:  3    Str: 16    XL:     4   Next: 62%
Magic:  5/5        EV: 13    Int: 10    God:
Gold:   160        SH:  0    Dex: 17    Spells: 3/3 levels left

rFire   + . .      SeeInvis .    a - +0 mace
rCold   + . .      Faith    .    (no shield)
rNeg    + . .      Spirit   .    j - +0 leather armour
rPois   .          Reflect  .    (helmet restricted)
rElec   .          Harm     .    (no cloak)
rCorr   .          Rampage  .    (no gloves)
Will    .....                    (boots unavailable)
Stlth   ++                       (no amulet)
HPRegen 0.25/turn                e - ring of flight
MPRegen 0.09/turn                p - ring of Aptil {rF+ rC+ rN+ Str+3}

@: flying
A: beak, talons 3
a: no special abilities


You were on level 3 of the Dungeon.
You visited 1 branch of the dungeon, and saw 3 of its levels.

You collected 160 gold pieces.

Inventory:

Hand Weapons
 a - a +0 mace (weapon)
Missiles
 f - 2 boomerangs (quivered)
Armour
 b - a +0 robe
 j - a +0 leather armour (worn)
Magical Staves
 q - a staff of cold
Jewellery
 e - a ring of flight (left hand)
 p - the ring of Aptil (right hand) {rF+ rC+ rN+ Str+3}
   (You took it off a hobgoblin on level 2 of the Dungeon)

   [ring of protection from fire]

   Str:       It affects your strength (+3).
   rF:        It protects you from fire.
   rC:        It protects you from cold.
   rN:        It protects you from negative energy.
 u - a ring of willpower
Wands
 m - a wand of flame (21)
Scrolls
 d - a scroll of blinking
 g - a scroll of enchant armour {unknown}
 k - a scroll of noise {unknown}
 l - a scroll of teleportation {unknown}
 o - a scroll of identify {unknown}
 r - a scroll of poison {unknown}
 t - 3 scrolls of summoning {unknown}
Potions
 h - a potion of haste {unknown}
 i - a potion of mutation {unknown}
 n - 2 potions of flight
 s - a potion of might {unknown}


   Skills:
 * Level 4.3 Fighting
 + Level 4.5 Maces & Flails
 - Level 3.2 Dodging
 - Level 2.0 Stealth


You had 3 spell levels left.
You didn't know any spells.
Your spell library was empty.

Dungeon Overview and Level Annotations

Branches:
Dungeon (3/15)

Altars:

Annotations:
D:2 1 runed translucent door, Crazy Yiuf


Innate Abilities, Weirdness & Mutations

You have a beak for a mouth.
You have claws for feet.


Message History

The gnoll is moderately wounded.
The gnoll misses you. The gnoll hits you with a +0 whip.
The gnoll attacks as you move away! The gnoll hits you with a +0 whip.
A gnoll comes into view. It is wielding a +0 club.
The gnoll attacks as you move away! The gnoll hits you with a +0 whip!
A gnoll comes into view. It is wielding a +0 spear.
You are confused.
You feel invigorated.
The gnoll shouts!
The gnoll closely misses you.
You're too confused to move!
The gnoll barely misses you.
You miss the gnoll. Your peck misses the gnoll.
The gnoll is moderately wounded.
The gnoll hits you with a +0 whip!
You hit the gnoll but do no damage. You claw the gnoll.
The gnoll is heavily wounded.
You feel less invigorated.
You feel less confused. The gnoll misses you.
You closely miss the gnoll. You claw the gnoll! Your peck misses the gnoll.
The gnoll is heavily wounded.
The gnoll closely misses you.
You hit the gnoll.
You kill the gnoll!
The gnoll hits you but does no damage.
The gnoll hits you from afar with a +0 spear!
The gnoll hits you with a +0 spear. The gnoll barely misses you.
Things that are here:
a +0 club; a gnoll corpse You hit the gnoll but do no damage.
The gnoll hits you from afar with a +0 spear!
The gnoll hits you with a +0 whip!
* * * LOW HITPOINT WARNING * * *
The gnoll misses you. The gnoll misses you.
It was a potion of flight.
You feel more buoyant. The gnoll closely misses you.
The gnoll hits you from afar with a +0 spear.
You die...

#.###.######
##.....#
###....#.#
#....###.#
#.#......# #
#....#####
###.###...#
..........#######
.#####...gg@....#
#...g#####.#
#....?# #.....#
#.....#
............
##.###.#..##.# #.
#.#.## # #..?#


You could see 3 gnolls.

Vanquished Creatures
  A gnoll (D:3)
  2 adders (D:2)
  4 worms (D:2)
  A dart slug (D:1)
  7 ball pythons
  5 endoplasms
  3 giant cockroaches
  4 goblins
  4 hobgoblins
  4 jackals (D:1)
  4 bats
  3 frilled lizards (D:2)
  2 kobolds
  9 rats
53 creatures vanquished.

Notes
Turn   | Place    | Note
-------+----------+-------------------------------------------
     0 | D:1      | Aneyh the Tengu Monk began the quest for the Orb.
     0 | D:1      | Reached XP level 1. HP: 14/14 MP: 2/2
    75 | D:1      | Reached XP level 2. HP: 4/19 MP: 3/3
   480 | D:1      | Reached XP level 3. HP: 20/24 MP: 4/4
   968 | D:2      | Identified the ring of Aptil {rF+ rC+ rN+ Str+3}
   984 | D:2      | Reached XP level 4. HP: 18/29 MP: 5/5
  1557 | D:2      | Found a runed translucent door.
  1558 | D:2      | Noticed Crazy Yiuf
  1889 | D:3      | Slain by a gnoll

Illustrated notes

Levels and vault maps discovered:
D:1:      mrwooster_arrival_arrow, layout_basic
D:2:      minmay_recursive_quarters, layout_rooms, uniq_crazy_yiuf_cottage
D:3:      layout_loops_ring, shapermc_ecumenical_altar_acropolis

Skill      XL: |  1  2  3 |
---------------+----------+-----
Maces & Flails | 4 |  4.5
Fighting       | 4 |  4.3
Dodging        | |  3.2
Stealth        | |  2.0

Action                     |  1- 3 |  4- 6 || total
---------------------------+-------+-------++-------
  Melee: Mace              |    75 |    33 ||   108
         Kick              |    15 |     8 ||    23
         Peck              |    12 |     5 ||    17
         Punch             |     1 |       ||     1
  Throw: Boomerang         |    16 |     1 ||    17
    Use: Scroll            |     1 |       ||     1
         Potion            |       |     2 ||     2
   Stab: Sleeping          |     5 |     3 ||     8
 Armour: Robe              |     9 |       ||     9
         Leather armour    |     2 |     5 ||     7
  Dodge: Dodged            |    66 |    21 ||    87

Table legend: (Time is in decaauts)
 A = Elapsed time spent in this place.
 B = Non-inter-level travel time spent in this place.
 C = Inter-level travel time spent in this place.
 D = Time resting spent in this place.
 E = Time spent auto-exploring this place.
 F = Levels seen in this place.
 G = Mean time per level.
                   A        B        C        D        E       F      G
               +--------+--------+--------+--------+--------+-----+--------+
         Total |   1915 |   1870 |     45 |    449 |   1042 |   3 |  638.3 |
       Dungeon |   1915 |   1870 |     45 |    449 |   1042 |   3 |  638.3 |
               +--------+--------+--------+--------+--------+-----+--------+

Top non-repeatable levels by time:
     D:2: 1046 daAuts
     D:1: 812 daAuts
     D:3: 56 daAuts
